 Dungeon Crawl Stone Soup version 0.25-a0-464-g3004169c2b (webtiles) character file.

Game seed: 1898186247759903903, levelgen mode: deterministic

2604 Kohma the Slicer (level 9, -7/61 HPs)
             Began as a Vampire Assassin on Feb 4, 2020.
             Was a Follower of Kikubaaqudgha.
             Mangled by a hog (10 damage)
             ... on level 7 of the Dungeon.
             The game lasted 00:22:43 (7311 turns).

Kohma the Slicer (Vampire Assassin)                 Turns: 7311, Time: 00:22:44

Health: -7/61      AC:  8    Str: 12    XL:     9   Next: 33%
Magic:  9/9        EV: 19    Int: 14    God:    Kikubaaqudgha [*.....]
Gold:   350        SH:  0    Dex: 21    Spells: 7/8 levels left

rFire    . . .     SeeInvis +   a - +2 dagger (speed)
rCold    . . .     Gourm    .   (no shield)
rNeg     . . .     Faith    .   l - +1 ring mail {rPois}
rPois    +         Spirit   .   y - +0 helmet
rElec    .         Reflect  .   c - +0 cloak
rCorr    .         Harm     .   (no gloves)
MR       .....                  (no boots)
Stlth    +++++.....             (no amulet)
HPRegen  0.40/turn              (no ring)
MPRegen  0.11/turn              (no ring)

@: agile, regenerating quickly, lightly drained
A: no food, fangs 3, see invisible, unbreathing
a: Exsanguinate, Receive Corpses, Renounce Religion


You were on level 7 of the Dungeon.
You worshipped Kikubaaqudgha.
Kikubaaqudgha was aware of your devotion.
You were alive.

You visited 2 branches of the dungeon, and saw 8 of its levels.

You collected 350 gold pieces.

Inventory:

Hand Weapons
 a - a +2 dagger of speed (weapon)
 b - a +0 rapier
 n - a +0 hunting sling of flaming
Missiles
 d - 36 poisoned darts (quivered)
 e - a curare-tipped dart {=f}
 g - 37 sling bullets
 j - 2 javelins
 v - 7 atropa-tipped darts
Armour
 c - a +0 cloak (worn)
 l - a +1 ring mail of poison resistance (worn)
 y - a +0 helmet (worn)
Wands
 r - a wand of digging (8)
Scrolls
 h - a scroll of remove curse
 m - a scroll of amnesia
 q - a scroll of magic mapping
 u - a scroll of teleportation
Potions
 f - 3 potions of flight
 i - a potion of berserk rage
 k - 2 potions of agility
 o - 3 potions of heal wounds {unknown}
 p - 3 potions of brilliance
 s - a potion of haste {unknown}
 t - a potion of might {unknown}
 x - 2 potions of resistance {unknown}


   Skills:
 - Level 1.7(1.3) Fighting
 * Level 9.8(9.3) Short Blades
 - Level 1.5(1.1) Throwing
 - Level 3.3(2.8) Armour
 - Level 6.1(5.6) Dodging
 - Level 8.5(8.1) Stealth
 + Level 4.6(4.1) Necromancy


You had 7 spell levels left.
You knew the following spells:

 Your Spells              Type           Power        Failure   Level  Hunger
a - Animate Skeleton      Necr           N/A          12%         1    N/A

Your spell library contained the following spells:

 Spells                   Type           Power        Failure   Level  Hunger
 Pain                     Necr           ##..         12%         1    N/A
 Sublimation of Blood     Necr           ##........   17%         2    N/A
 Vampiric Draining        Necr           ##........   34%         3    N/A

Dungeon Overview and Level Annotations

Branches:
Dungeon (7/15)             Temple (1/1) D:4

Altars:
Ashenzari
Cheibriados
Dithmenos
Fedhas
Gozag
Hepliaklqana
Kikubaaqudgha
Makhleb
Okawaru
Qazlal
Ru
Sif Muna
Trog
Uskayaw
Vehumet
Wu Jian
Yredelemnul
Zin

Annotations:
D:5 3 runed translucent doors, anet's ghost, novice HOWz


Innate Abilities, Weirdness & Mutations

You do not eat.
Your natural rate of healing is unusually fast.
You have razor-sharp teeth.
You have supernaturally acute eyesight. (SInv)
You can survive without breathing.


Message History

Your hog skeleton bites the human!
The human hits your hog skeleton with a +0 hand axe. x2
Something hits your hog skeleton! The hog bites you. The hog bites you.
The hog bites you!
* * * LOW HITPOINT WARNING * * *
The hog barely misses you. The hog bites you!
* * * LOW HITPOINT WARNING * * *
You feel agile all of a sudden. The hog misses you. The hog bites you.
* * * LOW HITPOINT WARNING * * *
Your hog skeleton bites the human.
The hog misses you. The hog bites you but does no damage.
Your hog skeleton closely misses the human.
Your hog skeleton bites the human!
Something hits your hog skeleton! x2
The hog bites you!
You die...
Kikubaaqudgha rasps: "You have failed me!
Welcome... death!"

#...........+..........#..#..
#...........#...#######...#..
#########..##...#%%...'..'#..
##...####..##...#%...(#ZZ...#
................###'###.....#
..[.............#.... #.....'
##+####'#########.... #.....#
..............>.#######.....#
............@h....Z...p.....#
.............h....Z.........#
............................#
............................#
##+########'####+#######.....
#...zz..# #..... +...)z..#
...... #####.### ..... ##
####


You could see 2 hogs and 2 friendly hog skeletons.

Vanquished Creatures
  Sigmund (D:4)
  2 hogs (D:7)
  A hungry ghost (D:7)
  2 orc warriors
  A black bear (D:5)
  2 sky beasts
  A phantom (D:7)
  An ice beast (D:7)
  An ogre (D:5)
  4 centaurs
  A scorpion (D:4)
  3 wights (D:7)
  3 crimson imps
  2 bullfrog zombies
  A centaur zombie (D:4)
  A quasit (D:5)
  2 hounds
  An orc priest (D:5)
  Crazy Yiuf (D:3)
  A bullfrog skeleton (D:4)
  Jessica (D:2)
  Ijyb (D:3)
  Natasha (thrice) (D:2)
  3 orc wizards
  A worker ant (D:5)
  A killer bee zombie (D:6)
  A hound skeleton (D:6)
  Robin (D:3)
  5 adders
  2 shadow imps (D:5)
  2 oozes (D:2)
  An adder skeleton (D:7)
  3 worms (D:2)
  5 dart slugs
  2 leopard geckos
  11 orcs
  5 giant cockroaches
  12 goblins
  6 hobgoblins
  20 jackals
  3 kobolds
  3 quokkas
  2 ball pythons
  8 bats
  4 frilled lizards
  A quokka zombie (D:5)
  16 rats
  A bush (D:3)
156 creatures vanquished.

Notes
Turn   | Place    | Note
-------+----------+-------------------------------------------
     0 | D:1      | Kohma the Vampire Assassin began the quest for the Orb.
     0 | D:1      | Reached XP level 1. HP: 16/16 MP: 1/1
   201 | D:1      | Reached XP level 2. HP: 17/22 MP: 2/2
   439 | D:1      | Reached XP level 3. HP: 27/27 MP: 3/3
   650 | D:1      | Reached skill level 3 in Short Blades
   961 | D:2      | Noticed Natasha
   971 | D:2      | Killed Natasha
   971 | D:2      | Reached XP level 4. HP: 30/33 MP: 4/4
   998 | D:2      | Noticed Natasha
  1013 | D:2      | Killed Natasha
  1013 | D:2      | Noticed Natasha
  1032 | D:2      | Killed Natasha
  1142 | D:2      | Noticed Jessica
  1168 | D:2      | Killed Jessica
  1168 | D:2      | Reached XP level 5. HP: 5/38 MP: 5/5
  1418 | D:2      | Found a shimmering blue altar of Sif Muna.
  1563 | D:2      | Reached skill level 4 in Short Blades
  1855 | D:3      | Noticed Ijyb
  1859 | D:3      | Killed Ijyb
  2300 | D:3      | Noticed Robin
  2325 | D:3      | Killed Robin
  2506 | D:3      | You fall into a shaft and drop 2 floors!
  2506 | D:5      | Entered Level 5 of the Dungeon
  2508 | D:5      | Reached XP level 6. HP: 44/44 MP: 6/6
  2594 | D:4      | HP: 2/44 [poisoned by a scorpion]
  3030 | D:4      | Noticed Sigmund
  3037 | D:4      | Killed Sigmund
  3037 | D:4      | Reached skill level 5 in Short Blades
  3037 | D:4      | Reached skill level 1 in Armour
  3037 | D:4      | Reached XP level 7. HP: 49/49 MP: 7/7
  3077 | D:4      | Found a staircase to the Ecumenical Temple.
  3100 | Temple   | Entered the Ecumenical Temple
  3306 | Temple   | Became a worshipper of Kikubaaqudgha
  3363 | D:4      | Found a sacrificial altar of Ru.
  3397 | D:4      | Reached skill level 5 in Dodging
  3749 | D:3      | You fall into a shaft and drop 1 floor!
  4167 | D:3      | Found a runed translucent door.
  4168 | D:3      | Noticed Crazy Yiuf
  4180 | D:3      | Killed Crazy Yiuf
  4273 | D:5      | Found a runed translucent gate.
  4273 | D:5      | Found a runed translucent gate.
  4273 | D:5      | Found a runed translucent gate.
  4508 | D:5      | Noticed anet's ghost (novice HOWz)
  4596 | D:5      | Reached skill level 6 in Short Blades
  5032 | D:5      | Reached XP level 8. HP: 51/55 MP: 8/8
  5293 | D:5      | Reached skill level 7 in Short Blades
  5343 | D:6      | Reached * piety under Kikubaaqudgha
  5343 | D:6      | Identified Kikubaaqudgha's Volume of Necromancy
                  | (Kikubaaqudgha gifted it to you on level 6 of the Dungeon)
  5343 | D:6      | Received a gift from Kikubaaqudgha
  5464 | D:5      | Learned a level 1 spell: Animate Skeleton
  5813 | D:6      | Reached skill level 1 in Necromancy
  5958 | D:6      | Found a burning altar of Makhleb.
  6505 | D:7      | Reached skill level 8 in Short Blades
  6672 | D:7      | Found a basalt altar of Yredelemnul.
  6672 | D:7      | Found a shattered altar of Ashenzari.
  6848 | D:7      | Reached skill level 9 in Short Blades
  6848 | D:7      | Reached XP level 9. HP: 19/61 MP: 9/9
  7307 | D:7      | HP: 2/61 [hog (4)]
  7311 | D:7      | Mangled by a hog

Levels and vault maps discovered:
D:1:      erik_arrival_orb_chamber, layout_basic, minmay_unequal
D:2:      layout_rooms, nicolae_overflow_hidden_temple, minivault_5,
          uniq_jessica, uniq_natasha
D:3:      minmay_door_path, layout_loops_corners, first_ration, uniq_ijyb,
          uniq_crazy_yiuf_cottage, uniq_robin
D:4:      layout_basic, hangedman_ru_absence, minmay_temple_entry_tees,
          uniq_sigmund
D:5:      layout_loops_ring, gammafunk_ghost_icy, minmay_stone_trees_small,
          abandoned_shop
D:6:      layout_cave_pools, lightli_temple_of_fire
D:7:      layout_gridville, minitemple, grunt_livestock
Temple:   nicolae_temple_figure_eight

Skill      XL: |  1  2  3  4  5  6  7  8  9 |
---------------+----------------------------+-----
Stealth        | 6 7 8 |  8.5
Dodging        | 2 3 4 5 6 |  6.1
Short Blades   | 3 4 5 6 9 |  9.8
Armour         | 1 2 3 |  3.3
Necromancy     | 3 4 |  4.6
Fighting       | |  1.7
Throwing       | |  1.5

Action                   |  1- 3 |  4- 6 |  7- 9 || total
-------------------------+-------+-------+-------++-------
Melee: Dagger            |    83 |   244 |   726 ||  1053
       Bite              |     7 |    23 |   100 ||   130
Throw: Dart              |    19 |    18 |    33 ||    70
 Cast: Animate Skeleton  |       |       |     3 ||     3
  Use: Potion            |       |     3 |     2 ||     5
       Scroll            |       |     9 |     4 ||    13
 Stab: Sleeping          |     6 |    14 |    15 ||    35
Armor: Robe              |    21 |    37 |       ||    58
       Ring mail         |       |    13 |   129 ||   142
Dodge: Dodged            |    48 |   161 |   230 ||   439

Table legend:
 A = Non-vault XP
 B = Vault XP
 C = Vault XP percentage of total XP
 D = Non-vault monster count
 E = Vault monster count
 F = Vault count percentage of total count
                 A         B        C        D         E       F
            +---------+---------+-------+---------+---------+-------
      Total |    2862 |     858 |  23.1 |     119 |      36 |  23.2
            +---------+---------+-------+---------+---------+-------
        D:1 |      32 |      21 |  39.6 |      15 |      17 |  53.1
        D:2 |     163 |      72 |  30.6 |      28 |       2 |   6.7
        D:3 |      11 |     121 |  91.7 |       6 |      14 |  70.0
        D:4 |     308 |     220 |  41.7 |      16 |       1 |   5.9
        D:5 |     839 |       0 |   0.0 |      28 |       0 |   0.0
        D:6 |     498 |       0 |   0.0 |      11 |       0 |   0.0
        D:7 |    1011 |     424 |  29.5 |      15 |       2 |  11.8
            +---------+---------+-------+---------+---------+-------
